 Dungeon Sprint DCSS version 0.21.1-1-g345015f (webtiles) character file.

1741 wilfster70 the Cleaver (level 8, -2/71 HPs)
             Began as a Demonspawn Gladiator on June 21, 2018.
             Was an Elder of Makhleb.
             Slain by a spiny frog (16 damage)
             ... in the Dungeon (Sprint IX: "|||||||||||||||||||||||||||||").
             The game lasted 00:04:14 (838 turns).

wilfster70 the Cleaver (Demonspawn Gladiator)        Turns: 838, Time: 00:04:15

Health: -2/71      AC: 17    Str: 16    XL:     8   Next: 77%
Magic:  0/8        EV: 12    Int: 10    God:    Makhleb [****..]
Gold:   14         SH:  0    Dex: 21    Spells: 7/7 levels left

rFire    . . .     SeeInvis .   s - +3 war axe "Xesiy" {chop, rPois}
rCold    . . .     Gourm    .   (no shield)
rNeg     . . .     Faith    .   r - +3 chain mail
rPois    +         Spirit   +   (helmet restricted)
rElec    .         Reflect  .   (no cloak)
rCorr    .         Harm     .   o - +0 pair of gloves
MR       .....     NoTele   +   (no boots)
Stlth    ..........             (no amulet)
HPRegen  0.21/turn              p - +3 ring of dexterity
MPRegen  0.11/turn              q - +3 ring of dexterity

@: lethally poisoned (-2 -> -4)
A: horns 1, icy blue scales 1, spiny 1, magic shield
a: Minor Destruction, Lesser Servant of Makhleb, Major Destruction, Renounce
Religion


You were in the Dungeon.
You worshipped Makhleb.
Makhleb was greatly pleased with you.
You were not hungry.

You visited 1 branch You collected 14 gold pieces.

Inventory:

Hand Weapons
 a - a +0 war axe
 b - a +4 dire flail of crushing
 s - the +3 war axe "Xesiy" (weapon) {chop, rPois}
   (You found it in the Dungeon)

   It inflicts extra damage upon your enemies.
   It protects you from poison.
Missiles
 d - 3 throwing nets (quivered)
Armour
 c - a +0 helmet
 o - a +0 pair of gloves (worn)
 r - a +3 chain mail (worn)
Jewellery
 p - a +3 ring of dexterity (left hand)
 q - a +3 ring of dexterity (right hand)
Wands
 n - a wand of iceblast (10)
Scrolls
 k - 2 scrolls of blinking
 l - 3 scrolls of remove curse
 m - 2 scrolls of amnesia
 v - 2 scrolls of fear
 w - a scroll of fog
Potions
 e - 8 potions of curing
 g - 3 potions of heal wounds
 h - a potion of haste
 i - 4 potions of magic
 j - a potion of invisibility
 u - a potion of resistance
 z - a potion of mutation
Comestibles
 f - a ration


   Skills:
 + Level 9.1 Fighting
 * Level 11.6 Axes
 - Level 1.7 Throwing
 + Level 8.1 Armour
 + Level 8.6 Dodging


You had 7 spell levels left.
You didn't know any spells.

Dungeon Overview and Level Annotations

Branches:
Dungeon (1/1)

Altars:
Cheibriados
Dithmenos
Elyvilon
Fedhas
Gozag
Hepliaklqana
Kikubaaqudgha
Makhleb
Nemelex Xobeh
Okawaru
Qazlal
Ru
Sif Muna
Trog
Uskayaw
Vehumet
Wu Jian
Xom
Yredelemnul
Zin
The Shining One
Beogh
Jiyva
Lugonu


Innate Abilities, Weirdness & Mutations

You have a pair of small horns on your head.
You are partially covered in icy blue scales. (AC +2)
You are partially covered in sharp spines.
When hurt, damage is shared between your health and your magic reserves.


Message History

You closely miss the porcupine. Your headbutt misses the porcupine.
The porcupine is heavily wounded.
The porcupine misses you.
You feel much better.
You feel sick. The porcupine barely misses you.
The porcupine is struck by your spines. The porcupine barely misses you.
You slash the porcupine!
You kill the porcupine!
Makhleb accepts your kill.
You feel better.
You feel sick.
You hit the spiny frog but do no damage.
The spiny frog barely misses you.
Your chain mail prevents you from hitting the spiny frog.
You feel sick. The spiny frog stings you!
You hit the spiny frog but do no damage.
You headbutt the spiny frog, but do no damage.
The spiny frog closely misses you. The spiny frog stings you!
* * * LOW HITPOINT WARNING * * *
You hit the spiny frog but do no damage.
You feel sick. The spiny frog stings you!!
You die...

▓[▓.▓.▓
▓)▓.▓.▓
▓.▓.▓.▓
▓.▓.▓'▓
▓.▓.▓_▓
▓.▓.▓_▓
▓.▓.▓_▓
▓.▓.▓_▓
▓@▓.▓_▓
▓F▓.▓_▓
▓F▓.▓_▓
▓l▓.▓_▓
▓t▓.▓_▓
▓Y▓.▓_▓
▓.▓.▓_▓
▓.▓.▓_▓
▓.▓_▓


You could see a yak, a spiny frog, a crocodile, a wyvern and a bullfrog.

Vanquished Creatures
  A black mamba (D)
  A gargoyle (D)
  A kobold demonologist (D)
  A basilisk (D)
  A porcupine (D)
  A water moccasin (D)
  An ogre (D)
  A phantom (D)
  A centaur (D)
  A bullfrog (D)
  A howler monkey (D)
  4 hounds (D)
  An iguana (D)
  A worker ant (D)
  An adder (D)
  An ooze (D)
  A dart slug (D)
  2 orcs (D)
  A ball python (D)
  A hobgoblin (D)
  A bat (D)
  A rat (D)
26 creatures vanquished.

Notes
Turn   | Place    | Note
-------+----------+-------------------------------------------
     0 | D        | wilfster70 the Demonspawn Gladiator began the quest for the Orb.
     0 | D        | Reached XP level 1. HP: 16/16 MP: 1/1
     8 | D        | Reached skill level 3 in Axes
    13 | D        | Reached skill level 1 in Armour
   105 | D        | Noticed an iguana
   105 | D        | Noticed an ogre
   114 | D        | Gained mutation: You are partially covered in icy blue scales. (AC +2) [demonic ancestry]
   114 | D        | Reached XP level 2. HP: 18/23 MP: 2/2
   116 | D        | Reached skill level 4 in Axes
   121 | D        | Reached XP level 3. HP: 2/29 MP: 3/3
   124 | D        | Killed an ogre
   124 | D        | Reached skill level 6 in Axes
   124 | D        | Reached XP level 4. HP: 4/38 MP: 4/4
   402 | D        | Found a roughly hewn altar of Beogh.
   402 | D        | Found a snail-covered altar of Cheibriados.
   402 | D        | Found a shadowy altar of Dithmenos.
   402 | D        | Found a white marble altar of Elyvilon.
   402 | D        | Found a blossoming altar of Fedhas.
   402 | D        | Found an opulent altar of Gozag.
   403 | D        | Found a hazy altar of Hepliaklqana.
   404 | D        | Found a viscous altar of Jiyva.
   405 | D        | Found an ancient bone altar of Kikubaaqudgha.
   406 | D        | Found a corrupted altar of Lugonu.
   407 | D        | Found a burning altar of Makhleb.
   408 | D        | Found a sparkling altar of Nemelex Xobeh.
   409 | D        | Found an iron altar of Okawaru.
   410 | D        | Found a stormy altar of Qazlal.
   411 | D        | Found a sacrificial altar of Ru.
   412 | D        | Found a deep blue altar of Sif Muna.
   413 | D        | Found a bloodstained altar of Trog.
   414 | D        | Found a hide-covered altar of Uskayaw.
   415 | D        | Became a worshipper of Makhleb the Destroyer
   416 | D        | Found a radiant altar of Vehumet.
   417 | D        | Found an ornate altar of the Wu Jian Council.
   418 | D        | Found a shimmering altar of Xom.
   419 | D        | Found a basalt altar of Yredelemnul.
   420 | D        | Found a glowing silver altar of Zin.
   421 | D        | Found a glowing golden altar of the Shining One.
   466 | D        | Got the +3 war axe "Xesiy" {chop, rPois}
   516 | D        | Noticed a phantom
   516 | D        | Noticed a centaur
   517 | D        | Gained mutation: When hurt, damage is shared between your health and your magic reserves. [demonic ancestry]
   517 | D        | Reached XP level 5. HP: 43/43 MP: 5/5
   523 | D        | Reached skill level 5 in Fighting
   523 | D        | Reached skill level 5 in Dodging
   530 | D        | Killed a centaur
   530 | D        | Reached * piety under Makhleb
   530 | D        | Reached skill level 7 in Axes
   535 | D        | Reached skill level 5 in Armour
   535 | D        | Gained mutation: You are partially covered in sharp spines. [demonic ancestry]
   535 | D        | Reached XP level 6. HP: 42/52 MP: 6/6
   537 | D        | Reached skill level 8 in Axes
   542 | D        | Reached ** piety under Makhleb
   554 | D        | Noticed a kobold demonologist
   554 | D        | Noticed a gargoyle
   558 | D        | Reached skill level 9 in Axes
   564 | D        | Noticed a soul eater
   566 | D        | Killed a kobold demonologist
   566 | D        | Reached skill level 10 in Axes
   566 | D        | Reached XP level 7. HP: 39/61 MP: 3/7
   572 | D        | Killed a gargoyle
   572 | D        | Reached *** piety under Makhleb
   572 | D        | Gained mutation: You have a pair of small horns on your head. [demonic ancestry]
   572 | D        | Reached XP level 8. HP: 51/68 MP: 1/8
   814 | D        | Noticed a black mamba
   814 | D        | Noticed a spiny frog
   824 | D        | Killed a black mamba
   824 | D        | Reached skill level 11 in Axes
   825 | D        | Reached **** piety under Makhleb
   838 | D        | Slain by a spiny frog

Skill      XL: |  1  2  3  4  5  6  7  8 |
---------------+-------------------------+-----
Axes           | 3 4 6 7 10 11 | 11.6
Armour         | 1 2 3 5 6 7 8 |  8.1
Dodging        | 3 4 5 7 8 |  8.6
Fighting       | 3 4 6 7 8 9 |  9.1
Throwing       | |  1.7

Action                   |  1- 3 |  4- 6 |  7- 9 || total
-------------------------+-------+-------+-------++-------
Melee: War axe           |    35 |    36 |    32 ||   103
       Headbutt          |       |       |     5 ||     5
  Use: Potion            |     1 |       |     2 ||     3
       Scroll            |       |       |     4 ||     4
Armor: Leather armour    |     5 |       |       ||     5
       Chain mail        |       |    19 |     4 ||    23
Dodge: Dodged            |    32 |    14 |    17 ||    63
